 Dungeon Crawl Stone Soup version 0.29-a0-378-gc08b2e8bf8 (console) character file.

Game seed: 1559956025645406388

207 freylie the Skirmisher (level 5, -1/41 HPs)
             Began as a Mummy Wanderer on May 4, 2022.
             Slain by a gnoll shaman
             ... wielding a +0 club
              (4 damage)
             ... on level 4 of the Dungeon.
             The game lasted 00:07:52 (5295 turns).

freylie the Skirmisher (Mummy Wanderer)             Turns: 5295, Time: 00:07:52

Health: -1/41      AC: 11    Str: 14    XL:     5   Next: 54%
Magic:  7/7        EV:  3    Int: 10    God:
Gold:   185        SH:  0    Dex: 16    Spells: 5/6 levels left

rFire   x . .      SeeInvis .   n - +2 whip (elec)
rCold   + . .      Faith    .   (no shield)
rNeg    + + +      Spirit   .   a - +0 plate armour
rPois   ∞          Reflect  .   (no helmet)
rElec   .          Harm     .   (no cloak)
rCorr   .          Rampage  .   b - +0 pair of gloves
Will    +....                   (no boots)
Stlth   ..........              (no amulet)
HPRegen 0.13/turn               m - ring of willpower
MPRegen 0.10/turn               (no ring)

@: no status effects
A: cold resistance 1, negative energy resistance 3, torment resistance 2, heat
vulnerability 1, in touch with death 1, no potions
a: no special abilities


You were on level 4 of the Dungeon.
You visited 1 branch of the dungeon, and saw 4 of its levels.

You collected 185 gold pieces.

Inventory:

Hand Weapons
 h - a +0 hand axe
 n - a +2 whip of electrocution (weapon)
Missiles
 f - 7 boomerangs (quivered)
Armour
 a - a +0 plate armour (worn)
 b - a +0 pair of gloves (worn)
Jewellery
 l - an amulet of faith
 m - a ring of willpower (left hand)
 q - an amulet of regeneration
Scrolls
 c - a scroll of fog
 d - a scroll of torment {unknown}
 e - 2 scrolls of teleportation
 g - a scroll of acquirement {unknown}
 j - a scroll of vulnerability
 k - a scroll of noise
 o - a scroll of poison
 p - a scroll of blinking


   Skills:
 - Level 3.0 Fighting
 - Level 1.9(2.6) Axes
 * Level 2.7(3.0) Maces & Flails
 - Level 1.0 Dodging
 - Level 2.4 Stealth
 - Level 1.5 Unarmed Combat
 - Level 1.3 Spellcasting
 - Level 1.7 Hexes
 - Level 1.0 Evocations


You had 5 spell levels left.
You knew the following spells:

 Your Spells              Type           Power      Damage    Failure   Level
a - Slow                  Hex            16%        N/A       100%        1

Your spell library contained the following spells:

 Spells                   Type           Power      Damage    Failure   Level
 Foxfire                  Conj/Fire      0%         2x1d4     100%        1
 Magic Dart               Conj           0%         1d3       100%        1
 Call Imp                 Summ           0%         N/A       100%        2
 Conjure Flame            Conj/Fire      0%         6-21      100%        3
 Inner Flame              Hex/Fire       2%         N/A       100%        3
 Mephitic Cloud           Conj/Pois/Air  0%         N/A       100%        3
 Portal Projectile        Hex/Tloc       4%         N/A       100%        3
 Flame Wave               Conj/Fire      0%         2d4       100%        4
 Leda's Liquefaction      Hex/Erth       1%         N/A       100%        4


Dungeon Overview and Level Annotations

Branches:
Dungeon (4/15)
 Temple: D:4-7

Altars:
Dithmenos
Nemelex Xobeh

Annotations:
D:3 1 runed translucent door, Crazy Yiuf, Ijyb


Innate Abilities, Weirdness & Mutations

You are immune to poison.
Your flesh is cold resistant. (rC+)
You are immune to negative energy. (rN+++)
You are immune to unholy pain and torment.
You are vulnerable to heat. (rF-)
You are in touch with the powers of death.
You do not drink.


Message History

The gnoll shaman is lightly wounded.
The gnoll shaman hits you with a +0 club!
You hit the gnoll shaman.
Lightning courses through the gnoll shaman!
The gnoll shaman is heavily wounded.
You hit the gnoll.
The gnoll is lightly wounded.
The gnoll shaman hits you but does no damage.
The gnoll hits you with a +0 whip. The gnoll attacks as you move away!
The gnoll hits you but does no damage. The gnoll hits you but does no damage.
Press: ? - help, v - describe, . - travel
Here: a gnoll, wielding a +0 whip (lightly wounded, fast)
The floor.
You hit the gnoll.
The gnoll is moderately wounded.
The gnoll hits you with a +0 whip.
* * * LOW HITPOINT WARNING * * *
You hit the gnoll. Lightning courses through the gnoll!
You kill the gnoll!
You hit the gnoll shaman.
The gnoll shaman is severely wounded.
The gnoll shaman mumbles some strange prayers to its god.
The gnoll shaman is healed somewhat.
You barely miss the gnoll shaman.
The gnoll shaman is heavily wounded.
The gnoll shaman hits you with a +0 club.
* * * LOW HITPOINT WARNING * * *
You barely miss the gnoll shaman.
The gnoll shaman is heavily wounded.
The gnoll shaman hits you with a +0 club.
* * * LOW HITPOINT WARNING * * *
You hit the gnoll shaman.
The gnoll shaman is heavily wounded.
The gnoll shaman calls down the wrath of its god upon you.
You resist with almost no effort.
You barely miss the gnoll shaman.
The gnoll shaman is heavily wounded.
The gnoll shaman hits you with a +0 club.
You die...

#. #.# # .. #
##.##.# ##.
##.##.##..<#.##.
.g
.........#........
.#
#####.##...#..##.#
.# # ##.##..... #
#.# .##.. # #.# .#
. ######### #@# #
..)g.g..# #g#
#######.########.#
# #..........# #
############ # # #
#


You could see a gnoll shaman.

Vanquished Creatures
  A hound (D:3)
  Terence (D:3)
  2 gnolls (D:4)
  4 adders
  2 worms (D:2)
  3 dart slugs
  8 orcs
  8 endoplasms
  5 giant cockroaches
  5 hobgoblins
  4 jackals
  4 quokkas
  4 ball pythons
  7 bats
  2 frilled lizards
  6 goblins
  4 kobolds
  8 rats
78 creatures vanquished.

Notes
Turn   | Place    | Note
-------+----------+-------------------------------------------
     0 | D:1      | freylie the Mummy Wanderer began the quest for the Orb.
     0 | D:1      | freylie set off with the following items: a +0 dagger, a +0
                  | pair of gloves, a scroll of fog, a +0 leather armour, a
                  | scroll of teleportation; and the following spell memorised:
                  | Slow; and the following spells available to memorise:
                  | Portal Projectile, Leda's Liquefaction
     0 | D:1      | Reached XP level 1. HP: 13/13 MP: 2/2
    68 | D:1      | Reached skill level 1 in Fighting
   242 | D:1      | Reached XP level 2. HP: 22/22 MP: 4/4
   320 | D:1      | Reached skill level 2 in Fighting
   892 | D:1      | Found a faded altar of an unknown god.
   966 | D:1      | Gained mutation: You are in touch with the powers of death.
                  | [Mummy growth]
   966 | D:1      | Reached XP level 3. HP: 25/28 MP: 5/5
  1774 | D:2      | Reached skill level 3 in Fighting
  1774 | D:2      | Reached skill level 1 in Axes
  2163 | D:2      | Reached XP level 4. HP: 34/35 MP: 6/6
  3720 | D:3      | Noticed Terence
  3990 | D:3      | Reached skill level 1 in Maces & Flails
  4260 | D:3      | Found a faded altar of an unknown god.
  4270 | D:3      | Found a shadowy altar of Dithmenos.
  4270 | D:3      | Noticed Ijyb
  4362 | D:3      | Killed Terence
  4363 | D:3      | Reached XP level 5. HP: 6/41 MP: 7/7
  4703 | D:3      | Found a sparkling altar of Nemelex Xobeh.
  4824 | D:3      | Found a runed translucent door.
  4825 | D:3      | Noticed Crazy Yiuf
  5293 | D:4      | HP: 2/41 [gnoll shaman/+0 club (5)]
  5295 | D:4      | Slain by a gnoll shaman

Illustrated notes

Levels and vault maps discovered:
D:1:      lightli_arrival_flooded_house, layout_basic,
          shapermc_ecumenical_altar_petra, minmay_pentomino_s2
D:2:      minmay_recursive_quarters, layout_basic, minmay_split_cup_small
D:3:      layout_loops_ring, nicolae_overflow_ecumenical_swirl,
          nemelex_spade_bored_becter, minmay_misc_feat_encased,
          hangedman_decor_peaks_small, nicolae_elevator_lobby_asterisk,
          uniq_crazy_yiuf_cottage, uniq_terence, uniq_ijyb
D:4:      layout_loops_ring, mainiacjoe_overflow_surrounded_room,
          mainiacjoe_overflow_24_doors, temple_green

Skill      XL: |  1  2  3  4  5 |
---------------+----------------+-----
Fighting       | 1 2 3 |  3.0
Axes           | 1 |  1.9
Maces & Flails | 1 2 |  2.7
Dodging        | |  1.0
Stealth        | |  2.4
Unarmed Combat | |  1.5
Spellcasting   | |  1.3
Hexes          | |  1.7
Evocations     | |  1.0

Action                   |  1- 3 |  4- 6 || total
-------------------------+-------+-------++-------
Melee: Dagger            |    10 |       ||    10
       Punch             |     2 |     5 ||     7
       Spear             |    90 |       ||    90
       Hand axe          |    77 |    64 ||   141
       Whip              |       |    87 ||    87
Throw: Boomerang         |    10 |     3 ||    13
 Cast: Slow              |     2 |       ||     2
  Use: Scroll            |       |     4 ||     4
 Stab: Sleeping          |     1 |       ||     1
Armor: Leather armour    |     5 |       ||     5
       Plate armour      |   132 |   124 ||   256
Dodge: Dodged            |    34 |    29 ||    63

Table legend: (Time is in decaauts)
 A = Elapsed time spent in this place.
 B = Non-inter-level travel time spent in this place.
 C = Inter-level travel time spent in this place.
 D = Time resting spent in this place.
 E = Time spent auto-exploring this place.
 F = Levels seen in this place.
 G = Mean time per level.
                   A        B        C        D        E       F      G
               +--------+--------+--------+--------+--------+-----+--------+
         Total |   5343 |   4975 |    368 |   1452 |   2482 |   4 | 1335.8 |
       Dungeon |   5343 |   4975 |    368 |   1452 |   2482 |   4 | 1335.8 |
               +--------+--------+--------+--------+--------+-----+--------+

Top non-repeatable levels by time:
     D:2: 2526 daAuts
     D:1: 1483 daAuts
     D:3: 1248 daAuts
     D:4: 86 daAuts
